 Dungeon Crawl Stone Soup version 0.31-a0-369-g8eba5f6939 (webtiles) character file.

Game seed: 4495700580239612270

336 senseless the Changeling (level 6, -5/47 HPs)
             Began as a Merfolk Shapeshifter on July 28, 2023.
             Was an Initiate of Cheibriados.
             Slain by an ogre
             ... wielding a +0 giant club
              (25 damage)
             ... on level 4 of the Dungeon.
             The game lasted 00:08:10 (3890 turns).

senseless the Changeling (Merfolk Shapeshifter)     Turns: 3890, Time: 00:08:10

Health: -5/47      AC: 14    Str: 18    XL:     6   Next: 54%
Magic:  6/6        EV: 14    Int: 14    God:    Cheibriados [......]
Gold:   171        SH:  0    Dex: 16    Spells: 5/5 levels left

rFire   . . .        l - +1 short sword (protect)
rCold   . . .        (no shield)
rNeg    . . .        q - +0 leather armour
rPois   .            (helmet currently unavailable)
rElec   .            (cloak currently unavailable)
rCorr   .            (gloves currently unavailable)
SInv    .            (boots currently unavailable)
Will    .....        (no amulet)
Stlth   +            o - +6 ring of intelligence
HPRegen 0.27/turn    g - +4 ring of protection
MPRegen 0.10/turn

%: no passive effects
@: beast-form, under a protective aura, very slow
A: beast (slay +3), (nimble swimmer 2), mertail
a: Begin Untransformation, Renounce Religion


You were on level 4 of the Dungeon.
You worshipped Cheibriados.
Cheibriados was noncommittal.
You were a hulking beast.
You visited 2 branches of the dungeon, and saw 5 of its levels.

You collected 294 gold pieces.
You spent 123 gold pieces at shops.

Inventory:

Hand Weapons
 l - a +1 short sword of protection (weapon)
Armour
 a - a +0 animal skin
 k - a +0 pair of gloves
 q - a +0 leather armour (worn)
Jewellery
 g - a +4 ring of protection (right hand)
 o - a +6 ring of intelligence (left hand)
Talismans
 c - a beast talisman
Scrolls
 d - a scroll of fog
 e - a scroll of teleportation
 i - 2 scrolls of poison
Potions
 b - 5 potions of lignification
 f - 3 potions of enlightenment
 h - a potion of invisibility {unknown}
 m - 2 potions of haste {unknown}
 n - a potion of attraction {unknown}
 p - a potion of magic {unknown}


   Skills:
 + Level 3.5 Fighting
 + Level 5.0 Dodging
 + Level 4.8 Unarmed Combat
 + Level 5.3 Shapeshifting


You had 5 spell levels left.
You didn't know any spells.
Your spell library contained the following spells:

 Spells                   Type           Power      Damage    Failure   Level
 Freeze                   Ice            0%         1d3       34%         1
 Sandblast                Erth           0%         2d4       34%         1
 Passwall                 Tmut/Erth      0%         N/A       45%         2
 Frozen Ramparts          Ice            0%         1d1       71%         3
 Hailstorm                Conj/Ice       0%         3d3       71%         3
 Stone Arrow              Conj/Erth      0%         3d7       71%         3
 Summon Guardian Golem    Hex/Summ       0%         N/A       71%         3
 Orb of Destruction       Conj           0%         9d5       100%        7
 Spellforged Servitor     Conj/Summ      0%         N/A       100%        7


Dungeon Overview and Level Annotations

Branches:
Dungeon (4/15)             Temple (1/1) D:4

Altars:
Ashenzari
Cheibriados
Gozag
Hepliaklqana
Kikubaaqudgha
Okawaru
Qazlal
Ru
Uskayaw
Wu Jian
Xom
Yredelemnul

Shops:
D:1 ?   D:3 *   D:4 ?


Innate Abilities, Weirdness & Mutations

You are a hulking beast.
Your limbs bulge with bestial killing power. (Slay +3)
((You are very nimble when in or above water. (Stealth+, EV+, Speed+++)))
Your lower body shifts to a powerful aquatic tail in water.


Message History

You pick up a book of Dangerous Friends and begin reading...
You add the spells Summon Guardian Golem, Orb of Destruction and Spellforged Servitor to your library.
You see here a +0 dagger.
An ogre comes into view. It is wielding a +0 giant club.
The ogre shouts!
A kobold comes into view. It is wielding a +0 dagger.
The ogre barely misses you.
You barely miss the ogre. You barely miss the ogre.
The ogre closely misses you.
You barely miss the ogre.
The ogre hits you with a +0 giant club!!
Ouch! That really hurt!
You are too injured to fight recklessly!
You are too injured to fight recklessly!
You are too injured to fight recklessly!
You are too injured to fight recklessly!
You are too injured to fight recklessly!
You are too injured to fight recklessly!
You are too injured to fight recklessly!
You are too injured to fight recklessly!
You are too injured to fight recklessly!
You are too injured to fight recklessly!
You are too injured to fight recklessly!
You are too injured to fight recklessly!
You are too injured to fight recklessly!
You are too injured to fight recklessly!
You are too injured to fight recklessly!
You are too injured to fight recklessly!
You hit the ogre.
Your weapon exudes an aura of protection.
You punch the ogre!
The ogre is heavily wounded.
You barely miss the ogre.
The ogre is heavily wounded.
The ogre misses you.
You puncture the ogre!
The ogre is severely wounded.
The ogre hits you with a +0 giant club!!
Ouch! That really hurt!
You die...

#.....##.## #.
#.....##.#. #.
#.....##.#. #.
#.....#.... .####
#..<..#.... ....
#######.### #K.
#.##. #O# #.##.
###h#### #.##.
#......# #....
#.#.##.############.
#.#.##..........###.
# #.....######......
####.## ##.####
#.####.# ###
#......# ########


You could see an ogre and a kobold.

Vanquished Creatures
  Grinder (D:3)
  8 adders
  2 worms
  A dart slug (D:1)
  An orc (D:3)
  5 endoplasms
  7 goblins
  5 hobgoblins
  5 quokkas
  7 ball pythons
  9 bats
  4 frilled lizards
  8 kobolds
  5 rats
68 creatures vanquished.

Notes
Turn   | Place    | Note
-------+----------+-------------------------------------------
     0 | D:1      | senseless the Merfolk Shapeshifter began the quest for the
                  | Orb.
     0 | D:1      | Reached XP level 1. HP: 15/15 MP: 1/1
   155 | D:1      | Reached XP level 2. HP: 21/21 MP: 2/2
   230 | D:1      | Found Tusoiqe's Magic Scroll Boutique.
   822 | D:2      | Reached XP level 3. HP: 23/27 MP: 3/3
   854 | D:2      | Found a faded altar of an unknown god.
  2534 | D:3      | Noticed Grinder
  2537 | D:3      | Paralysed by Grinder for 2 turns
  2544 | D:3      | Killed Grinder
  2545 | D:3      | Reached skill level 5 in Shapeshifting
  2545 | D:3      | Reached XP level 4. HP: 13/35 MP: 4/4
  2545 | D:3      | Reached XP level 5. HP: 15/41 MP: 5/5
  2545 | D:3      | Reached XP level 6. HP: 17/47 MP: 6/6
  2670 | D:3      | Found Goprof's General Store.
  2685 | D:3      | Bought a scroll of noise for 13 gold pieces
  2685 | D:3      | Bought a potion of degeneration for 13 gold pieces
  3579 | D:4      | Found a staircase to the Ecumenical Temple.
  3594 | Temple   | Entered the Ecumenical Temple
  3601 | Temple   | Became a worshipper of Cheibriados the Contemplative
  3629 | D:4      | Found an ancient bone altar of Kikubaaqudgha.
  3742 | D:4      | Found Istor's Magic Scroll Shoppe.
  3745 | D:4      | Bought a scroll of enchant weapon for 97 gold pieces
  3802 | D:4      | Reached skill level 5 in Dodging
  3890 | D:4      | Slain by an ogre

Illustrated notes

Levels and vault maps discovered:
D:1:      beargit_arrival_diablo_church, layout_basic, serial_shops, shop_coins
D:2:      layout_loops_ring, hellmonk_ecumenical_altar_arch_garden,
          lexackson_kobold_supper
D:3:      layout_rooms, serial_shops, nicolae_shop_gibbet_a_chance,
          minmay_snake_closets, uniq_grinder
D:4:      layout_loops_cross, lemuel_round_altar,
          minmay_temple_entry_antechambers, serial_shops, nicolae_shop_rolled_up
Temple:   nicolae_temple_bog_church

Skill      XL: |  1  2  3  4  5  6 |
---------------+-------------------+-----
Dodging        | 3 4 5 |  5.0
Fighting       | 3 |  3.5
Unarmed Combat | 4 |  4.8
Shapeshifting  | 5 |  5.3

Action                     |  1- 3 |  4- 6 || total
---------------------------+-------+-------++-------
  Melee: Unarmed           |    70 |       ||    70
         Punch             |    47 |     3 ||    50
         Short sword       |   841 |    96 ||   937
    Use: Scroll            |     6 |     3 ||     9
         Potion            |     1 |       ||     1
   Stab: Distracted        |     1 |       ||     1
         Sleeping          |     1 |     1 ||     2
 Armour: Animal skin       |    18 |    25 ||    43
         Leather armour    |       |     8 ||     8
  Dodge: Dodged            |    46 |    57 ||   103

Table legend: (Time is in decaauts)
 A = Elapsed time spent in this place.
 B = Non-inter-level travel time spent in this place.
 C = Inter-level travel time spent in this place.
 D = Time resting spent in this place.
 E = Time spent auto-exploring this place.
 F = Levels seen in this place.
 G = Mean time per level.
                   A        B        C        D        E       F      G
               +--------+--------+--------+--------+--------+-----+--------+
         Total |   3953 |   3742 |    211 |    102 |   2298 |   5 |  790.6 |
       Dungeon |   3937 |   3733 |    204 |    102 |   2298 |   4 |  984.2 |
        Temple |     16 |      9 |      7 |      0 |      0 |   1 |   16.0 |
               +--------+--------+--------+--------+--------+-----+--------+

Top non-repeatable levels by time:
     D:2: 1878 daAuts
     D:1: 847 daAuts
     D:3: 698 daAuts
     D:4: 513 daAuts
  Temple: 16 daAuts
